 Dungeon Crawl Stone Soup version 0.28.0-47-ge53b351184 (webtiles) character file.

Game seed: 14593721315272714634

4 JuniperTheExplorer the Digger (level 1, 0/9 HPs)
             Began as a Gargoyle Earth Elementalist on Apr 25, 2022.
             Slain by a bat (1 damage)
             ... on level 1 of the Dungeon.
             The game lasted 00:02:26 (150 turns).

JuniperTheExplorer the Digger (GrEE)                 Turns: 150, Time: 00:02:26

Health: 0/9        AC:  4    Str: 11    XL:     1   Next: 60%
Magic:  0/3        EV: 12    Int: 15    God:
Gold:   0          SH:  0    Dex: 10    Spells: 3/4 levels left

rFire   . . .      SeeInvis .   (no weapon)
rCold   . . .      Faith    .   (no shield)
rNeg    + . .      Spirit   .   b - +0 robe
rPois   ∞          Reflect  .   (no helmet)
rElec   +          Harm     .   (no cloak)
rCorr   .          Rampage  .   (no gloves)
Will    .....      Rage     1%  (no boots)
Stlth   ++........              (no amulet)
HPRegen 0.03/turn               (no ring)
MPRegen 0.08/turn               (no ring)

@: no status effects
A: sickness immunity, AC +2, negative energy resistance 1, electricity
resistance, torment resistance 1, petrification resistance, berserk 1, frail 1
a: no special abilities


You were on level 1 of the Dungeon.
You visited 1 branch of the dungeon, and saw 1 of its levels.

Inventory:

Missiles
 c - 24 stones
Armour
 b - a +0 robe (worn)
Scrolls
 d - a scroll of fog {unknown}


   Skills:
 * Level 0.1 Fighting
 * Level 0.1 Maces & Flails
 * Level 1.6 Dodging
 + Level 2.2 Stealth
 * Level 0.1 Unarmed Combat
 * Level 2.0 Spellcasting
 * Level 0.8 Transmutations
 * Level 3.6 Earth Magic
 + Level 0.1 Invocations
 * Level 0.1 Evocations


You had 3 spell levels left.
You knew the following spells:

 Your Spells              Type           Power      Damage    Failure   Level
a - Sandblast             Erth           24%        2d8       4%          1

Your spell library contained the following spells:

 Spells                   Type           Power      Damage    Failure   Level
 Passwall                 Tmut/Erth      6%         N/A       13%         2
 Stone Arrow              Conj/Erth      14%        3d7       30%         3
 Petrify                  Tmut/Erth      8%         N/A       65%         4


Dungeon Overview and Level Annotations

Branches:
Dungeon (1/15)

Altars:


Innate Abilities, Weirdness & Mutations

You are immune to sickness and miasma.
Your stone body is resilient. (AC +2)
You are immune to poison.
You resist negative energy. (rN+)
You are resistant to electric shocks. (rElec)
You are resistant to unholy torment.
You are immune to petrification.
You tend to lose your temper in combat.
You are frail. (-10% HP)


Message History

* * * LOW HITPOINT WARNING * * *
The bat closely misses you. The bat barely misses you. x2
The bat hits you.
* * * LOW HITPOINT WARNING * * *
The bat hits you but does no damage. The bat hits you.
* * * LOW HITPOINT WARNING * * *
The bat closely misses you. x2
There is an open door here.
The bat hits you but does no damage.
You see here a +0 dagger.
The bat hits you.
* * * LOW HITPOINT WARNING * * *
The bat hits you but does no damage.
There is an open door here.
Aiming: Sandblast (safe; 4% risk of failure)
Press: ? - help, Q - select action, (/) - cycle Shift-Dir - straight line, f - bat, p - gnoll
Aim: a bat (69% to hit)
The blast of sand hits the bat!
You kill the bat!
The bat hits you but does no damage. The bat hits you but does no damage.
The bat barely misses you. The bat hits you but does no damage.
The bat barely misses you. The bat barely misses you.
Aiming: Sandblast (safe; 4% risk of failure)
Press: ? - help, Q - select action, (/) - cycle Shift-Dir - straight line, f - gnoll
Aim: a gnoll, wielding a +0 flail (severely wounded, 82% to hit)
The blast of sand hits the gnoll but does no damage.
The gnoll is severely wounded.
The bat hits you but does no damage. The bat hits you but does no damage.
The bat barely misses you.
It was a potion of mutation.
You feel extremely strange.
You feel a little pissed off.
You feel frail. The bat barely misses you. The bat barely misses you.
The bat hits you.
You die...

#.#.# #.# #.#.# #.#
#.#.# #.# #.#.# ##.##
#...####...#
#..........###
##.#####.....# #.#
##....# #@# #....#
###b### #.#.##
#..g..####.#.#
###.....#..###.#######
#........#'#..........
....#.....##)#..........
.####.....##'#.#..#..#..
........#....+..≈.......
#########.####.8§.......


You could see a gnoll and a bat.

Vanquished Creatures
  A bat (D:1)
  2 kobolds (D:1)
3 creatures vanquished.

Notes
Turn   | Place    | Note
-------+----------+-------------------------------------------
     0 | D:1      | JuniperTheExplorer the Gargoyle Earth Elementalist began
                  | the quest for the Orb.
     0 | D:1      | Reached XP level 1. HP: 10/10 MP: 3/3
    81 | D:1      | Found a faded altar of an unknown god.
   147 | D:1      | Gained mutation: You tend to lose your temper in combat.
                  | [potion of mutation]
   147 | D:1      | Gained mutation: You are frail. (-10% HP) [potion of
                  | mutation]
   150 | D:1      | Slain by a bat

Illustrated notes

Levels and vault maps discovered:
D:1:      shiori_arrival_oz, layout_loops_ring,
          ebering_ecumenical_altar_sacrificial, chequers_serial_rivers_room_a

Action                   || total
-------------------------++-------
 Cast: Sandblast         ||     6
  Use: Potion            ||     1
Armor: Robe              ||    20
Dodge: Dodged            ||    21
